Cogmind - Beta 16.1 @@@ ROGUE MODE // 2026.02.08 @ 16:45:51 Player: f3-rnm Result: Destroyed by SQ-WIK(h) with Hypervelocity Coil Gun Performance ------------- Evolutions (0) 0 Regions Visited (3) 600 Robots Destroyed (22) 110 Value Destroyed (509) 509 Prototype IDs (19) 380 Alien Tech Used (0) 0 Bonus (109) 109 TOTAL SCORE: 1708 Bonus ------- Follower Combat Kills 109 Cogmind --------- Core Integrity 0/250 Matter 300/300 Energy 100/100 System Corruption 0% Temperature Cool (0) Movement Core (550) Ox10 Location -8/Scraptown Parts ------- > --- POWER (1) -------- (None) > --- PROPULSION (2) --- (None) > --- UTILITY (2) ------ Large Storage Unit Blink Core > --- WEAPON (2) ------- Companion Sword > --- INVENTORY (15) --- Triangulator DRS Beacon (Ready) Peak State ------------ > --- POWER ------------ Light Nuclear Core > --- PROPULSION ------- Improved Treads Improved Treads > --- UTILITY ---------- Huge Storage Unit V3-11A's Pendant > --- WEAPON ----------- Subdweller Laser Makeshift Sword > --- INVENTORY -------- Light Treads Wheel Wheel Improved Heat Sink High-capacity Storage Unit Light Humpback Medium Matter Pod Medium Matter Pod High-capacity Matter Pod Structural Scanner Core Shielding Scrap Shield Tower Shield Field Recycling Unit Blink Core Light Assault Rifle Light Assault Rifle 1B-0RG's Assimilator [Rating: 29] Favorites ----------- Power Light Nuclear Core Engine Light Ion Engine Power Core Light Nuclear Core Propulsion Improved Treads Treads Improved Treads Utility Blink Core Device Blink Core Storage Large Storage Unit Protection Core Shielding Weapon Companion Sword Energy Gun Subdweller Laser Ballistic Gun Assault Rifle Launcher Grenade Launcher Special Weapon Mining Laser Slashing Weapon Companion Sword Build | -11 -10 -10 -8 ------- Run | Yrd Mat Sub Scr Slots Evolved . | . . . . Power . | . . . . Propulsion . | . . . . Utility . | . . . . Weapon . | . . . . Parts Attached 23 | 6 9 5 3 Power 3 | 1 2 . . Engine 2 | 1 1 . . Core 1 | . 1 . . Reactor . | . . . . Propulsion 6 | 2 2 2 . Treads 6 | 2 2 2 . Leg . | . . . . Wheel . | . . . . Hover . | . . . . Flight . | . . . . Utility 6 | 1 2 1 2 Device 2 | . . 1 1 Storage 3 | 1 1 . 1 Processor . | . . . . Hackware . | . . . . Protection 1 | . 1 . . Artifact . | . . . . Weapon 8 | 2 3 2 1 Energy Gun 1 | . . 1 . Energy Cannon . | . . . . Ballistic Gun 3 | 2 1 . . Ballistic Cannon . | . . . . Launcher 1 | . 1 . . Special Weapon 1 | . 1 . . Impact Weapon . | . . . . Slashing Weapon 2 | . . 1 1 Piercing Weapon . | . . . . Special Melee Weapon . | . . . . Unidentified Prototypes 2 | . . 1 1 Parts Lost 7 | . 6 1 . Power 2 | . 2 . . Propulsion 2 | . 2 . . Utility . | . . . . Weapon 3 | . 2 1 . Highest Loss Streak 3 | . 3 1 . To Critical Strikes . | . . . . Average Backups 7 | 3 15 18 1 Power . | . . . . Propulsion 2 | 1 6 4 . Utility 4 | 1 6 10 1 Weapon . | . 1 2 . Tool/Special . | . . . . Unused Backups 20 | . . 3 17 Power . | . . . . Propulsion 6 | . . 3 3 Utility 11 | . . . 11 Weapon 1 | . . . 1 Tool/Special 2 | . . . 2 Average Slot Usage (%) 61 | . 97 96 38 Engine 1 | . 10 . . Core 4 | . 3 14 . Treads 11 | . 27 28 1 Device 12 | . . 13 13 Storage 12 | . 14 14 11 Protection 1 | . 11 . . Energy Gun 3 | . . 10 . Ballistic Gun 4 | . 27 4 . Slashing Weapon 9 | . . 9 10 Peak Build Rating 29 | 7 14 29 29 Average Rating 20 | 6 11 25 19 On Entrance 12 | 1 7 14 29 Avg Prop Armor Cover (%) . | . . . . Naked Turns . | . . . . Heaviest Build 92 | 11 91 92 92 Greatest Support 46 | 40 46 46 46 Greatest Overweight (x) 10 | 2 3 1 10 Average Overweight (x) 3 | . 1 1 6 Largest Inventory Capacity 25 | 8 25 25 25 Average Capacity 18 | 7 24 25 13 Most Carried 25 | 5 20 25 25 Average Carried 9 | 3 15 24 2 Final Capacity 25 | 8 25 25 15 Final Carried 25 | 5 19 25 2 Class Distribution -------------------- 100% | Mutant Dominant Class ---------------- Mutant | -10/Materials Mutant | -10/Subcaves Mutant | -8/Scraptown Resources | -11 -10 -10 -8 ----------- Run | Yrd Mat Sub Scr Matter Collected 1285 | 225 713 317 30 Remotely . | . . . . Salvage Created 647 | . 588 59 . Parts 49 | . 44 5 . Haulers Intercepted 1 | . 1 . . Recyclers Shooed 3 | . 3 . . Parts Field Recycled . | . . . . Retrieved Matter . | . . . . Parts Self-Destructed 18 | . . 18 . Prevented . | . . . . Parts Restored . | . . . . Kills | -11 -10 -10 -8 ------- Run | Yrd Mat Sub Scr Combat Hostiles Destroyed 14 | . 14 . . Guns 6 | . 6 . . AOE 8 | . 8 . . Classes Destroyed 9 | . 7 2 . Worker 2 | . 2 . . Tunneler 2 | . 2 . . Hauler 1 | . 1 . . Recycler 1 | . 1 . . Watcher 2 | . 2 . . Swarmer 3 | . 3 . . Grunt 11 | . 11 . . Artisan 1 | . . 1 . Cobbler 1 | . . 1 . Best Kill Streak 6 | . 6 . . Combat Bots Only 5 | . 5 . . Max Kills in Single Turn 2 | . 2 1 . Gunslinging . | . . . . Exploded 2 | . 2 . . Melee . | . . . . Uniques/NPCs Destroyed . | . . . . Combat | -11 -10 -10 -8 -------- Run | Yrd Mat Sub Scr Hostile Shots Fired 115 | . 87 23 5 Missed 29 | . 22 7 . Hits 86 | . 65 16 5 Projectile 86 | . 65 16 5 Critical Strikes 1 | . . . 1 Damage Taken 1104 | . 877 154 73 Core 255 | . 146 36 73 Absorbed by Shields . | . . . . Redirected to Shielding 30 | . 30 . . Core Remaining (%) 100 | 100 . . . Volleys Fired 71 | . 66 5 . Largest 2 | . 2 1 . Hottest 100 | . 100 100 . Shots Fired 122 | . 117 5 . Gun 103 | . 99 4 . Cannon . | . . . . Launcher 13 | . 13 . . Special 6 | . 5 1 . Kinetic 99 | . 99 . . Thermal 10 | . 5 5 . Explosive 13 | . 13 . . Electromagnetic . | . . . . Robot Hit Streak 8 | . 8 . . Robot Miss Streak 5 | . 5 . . Penetration Max . | . . . . Secondary Targets . | . . . . Shots Hit Robots 59 | . 57 2 . Core Hits 49 | . 48 1 . Critical Kills . | . . . . Critical Parts Destroyed . | . . . . Critical Strikes . | . . . . Melee Attacks 15 | . . 15 . Impact . | . . . . Slashing 15 | . . 15 . Piercing . | . . . . Sneak Attacks 2 | . . 2 . Combat Hostiles . | . . . . Follow-up Attacks . | . . . . Damage Inflicted 1610 | . 1465 145 . Guns 621 | . 621 . . Cannons . | . . . . Explosions 809 | . 809 . . Melee 145 | . . 145 . Ramming 11 | . 11 . . Kinetic 621 | . 621 . . Thermal 24 | . 24 . . Explosive 809 | . 809 . . Electromagnetic . | . . . . Impact . | . . . . Slashing 145 | . . 145 . Piercing . | . . . . Highest Corruption . | . . . . Average Corruption . | . . . . Corruption Purged . | . . . . Corruption Blocked . | . . . . Overload Shots . | . . . . Overflow Damage 46 | . 18 28 . Projectiles . | . . . . Explosions 18 | . 18 . . Melee 28 | . . 28 . Knockbacks . | . . . . Impact . | . . . . Kinetic . | . . . . Secondary . | . . . . Self-Inflicted Damage 200 | . 200 . . Shots 6 | . 6 . . Rammed 1 | . 1 . . Targets Rammed 1 | . 1 . . Kicked . | . . . . Crushed . | . . . . Highest Temperature 78 | . 78 . . Average Temperature 18 | . 18 . . Received Heat Transfer 339 | . 252 51 36 Siege Activations . | . . . . Martial Activations . | . . . . Shielding Activations . | . . . . Robots Disrupted . | . . . . Combat Hostiles . | . . . . Robots Corrupted . | . . . . Combat Hostiles . | . . . . Parts Fried . | . . . . Impact Corruptions . | . . . . Robots Melted . | . . . . Combat Hostiles . | . . . . Parts Melted . | . . . . Heat Transferred 50 | . 50 . . Parts Sabotaged . | . . . . Parts Stolen . | . . . . Parts Stripped . | . . . . Power Chain Reactions . | . . . . Alert | -11 -10 -10 -8 ------- Run | Yrd Mat Sub Scr Maximum Alert Level . | . . . . Low Security (%) 100 | 100 100 . . Level 1 . | . . . . Level 2 . | . . . . Level 3 . | . . . . Level 4 . | . . . . Level 5 . | . . . . High Security . | . . . . Max Security . | . . . . Peak Influence 142 | . 142 . . Initial . | . . . . Average 33 | . 34 . . Influence Increases 692 | . 448 244 . Destroy 0b10 Robot/C 420 | . 280 140 . Destroy 0b10 Robot/NC 40 | . 40 . . Destroy Leader 76 | . 76 . . Allied During Kill 29 | . . 29 . Disable Machine 15 | . 15 . . Destroy Structure 37 | . 37 . . Lose Combat Pursuer 75 | . . 75 . Influence Decreases 692 | . 448 220 24 Entered New Map 24 | . . . 24 Time Decay 468 | . 388 80 . Lost Part 60 | . 60 . . Lost Ally 140 | . . 140 . Squads Dispatched 3 | . 3 . . Investigation 1 | . 1 . . Extermination . | . . . . Reinforcement 2 | . 2 . . Assault . | . . . . Garrison . | . . . . Intercept . | . . . . Searches Triggered . | . . . . Construction Impeded . | . . . . Haulers Reinforced . | . . . . Active Scanning Responses . | . . . . Cargo Convoy Interrupts . | . . . . Stealth | -11 -10 -10 -8 --------- Run | Yrd Mat Sub Scr Distress Signals 1 | . 1 . . Communications Jammed . | . . . . Distress Signals . | . . . . Times Spotted 59 | . 35 18 6 Peak Tracking Total 6 | . 5 6 4 Tactical Retreats 2 | . . 2 . Traps | -11 -10 -10 -8 ------- Run | Yrd Mat Sub Scr Traps Triggered 3 | . 3 . . Indirectly . | . . . . Trap Hack Attempts . | . . . . Triggered . | . . . . Disarmed . | . . . . Reprogrammed . | . . . . Reused . | . . . . Traps Extracted . | . . . . Installed . | . . . . Triggered . | . . . . Machines | -11 -10 -10 -8 ---------- Run | Yrd Mat Sub Scr Machines Disabled 4 | . 2 2 . Max in Single Turn 1 | . 1 1 . Machines Repaired . | . . . . Machines Dismantled . | . . . . Machines Sabotaged . | . . . . Overloaded Fab Kills . | . . . . Hacking | -11 -10 -10 -8 --------- Run | Yrd Mat Sub Scr Machines Accessed 3 | . . 2 1 Terminals . | . . . . Fabricators . | . . . . Repair Stations . | . . . . Recycling Units . | . . . . Scanalyzers . | . . . . Garrison Access . | . . . . Total Hacks 21 | . . 4 17 Successful 21 | . . 4 17 Failed . | . . . . Catastrophic . | . . . . Database Lockouts . | . . . . Manual . | . . . . Terminals . | . . . . Fabricators . | . . . . Repair Stations . | . . . . Recycling Units . | . . . . Scanalyzers . | . . . . Garrison Access . | . . . . Terminal Hacks 21 | . . 4 17 Record 20 | . . 3 17 Proto ID Catalog 1 | . . 1 . Fabricator Hacks . | . . . . Repair Station Hacks . | . . . . Recycling Unit Hacks . | . . . . Scanalyzer . | . . . . Garrison Access Hacks . | . . . . Unauthorized Hacks . | . . . . Terminals . | . . . . Fabricators . | . . . . Repair Stations . | . . . . Recycling Units . | . . . . Scanalyzers . | . . . . Garrison Access . | . . . . Data Cores Recovered . | . . . . Used . | . . . . Hacking Detections . | . . . . Full Trace Events . | . . . . Feedback Events . | . . . . Feedback Blocked . | . . . . Robot Schematics Acquired . | . . . . Robots Built . | . . . . Authchips . | . . . . Time . | . . . . Total Robot Build Rating . | . . . . Part Schematics Acquired . | . . . . Parts Built . | . . . . Authchips . | . . . . Time . | . . . . Total Part Build Rating . | . . . . Part Studies Acquired . | . . . . Parts Repaired . | . . . . Time . | . . . . Parts Recycled . | . . . . Recycled Matter . | . . . . Retrieved Matter . | . . . . Retrieved Components . | . . . . Parts Scanalyzed . | . . . . Part Schematics Acquired . | . . . . Parts Damaged . | . . . . Bothacking | -11 -10 -10 -8 ------------ Run | Yrd Mat Sub Scr Used RIF Installer . | . . . . Robots Hacked . | . . . . Non-combat . | . . . . Combat . | . . . . Robot Hacks Applied . | . . . . Relay Couplers Released . | . . . . Fabnet Peak Effective % . | . . . . Robots Rewired . | . . . . Allies Hacked . | . . . . Hacks Repelled . | . . . . Allies | -11 -10 -10 -8 -------- Run | Yrd Mat Sub Scr Total Allies 14 | . . 14 . Largest Group 7 | . . 7 2 Highest-Rated Group 133 | . . 133 38 Highest-Rated Ally 19 | . . 19 19 Total Orders . | . . . . Ally Attacks 45 | . . 41 4 Total Damage 689 | . . 622 67 Kills 10 | . . 10 . Allies Corrupted . | . . . . Allies Melted . | . . . . Intel | -11 -10 -10 -8 ------- Run | Yrd Mat Sub Scr Active Infowar (turns) . | . . . . Robot Analysis Total . | . . . . Derelict Logs Recovered 5 | . . 2 3 Drone Launches . | . . . . Drone Recoveries . | . . . . Exploration | -11 -10 -10 -8 ------------- Run | Yrd Mat Sub Scr Turns Passed 20332 | 85 2327 5677 12243 Spaces Moved 5342 | 50 608 2329 2355 Core 2121 | 9 . . 2112 Treads 3221 | 41 608 2329 243 Legs . | . . . . Wheels . | . . . . Hover . | . . . . Flight . | . . . . Fastest Speed 50 | 50 160 240 100 Average Speed 307 | 146 259 240 388 Slowest Speed 550 | 160 400 240 550 Overloaded Moves . | . . . . Propulsion Burnouts . | . . . . Robots Hopped . | . . . . Potential Cave-ins . | . . . . Cave-ins Triggered . | . . . . Teleports 450 | . . . 450 Exploration Rate (%) 66 | 4 88 94 79 Regions Visited 3 Branch Regions 2 Pre-discovered Areas 6 | . . 2 4 Known Exits Taken . | . . . . Unknown Exits Taken 3 | 1 1 1 . Scrap Searched 16 | . . 11 5 Spaces Dug 5 | . . 5 . Terrain Destroyed 48 | . 43 5 . Melee 5 | . . 5 . Projectile 1 | . 1 . . AOE 42 | . 42 . . Terrain Rammed . | . . . . Walls Destroyed . | . . . . Machines Disabled . | . . . . Actions | -11 -10 -10 -8 --------- Run | Yrd Mat Sub Scr Total 9124 | 59 1225 2397 5443 Wait 3615 | . 514 26 3075 Move 5339 | 49 607 2328 2355 Hop . | . . . . Pick Up 31 | 4 19 6 2 Fast Attach 18 | 6 6 3 3 Attach 7 | . 6 1 . Detach 2 | . 1 1 . Swap 8 | . 5 3 . Drop 17 | . . 9 8 Fire 71 | . 66 5 . Melee 15 | . . 15 . Ram . | . . . . Kick . | . . . . Crush 1 | . 1 . . Escape Stasis . | . . . . Rewire . | . . . . Trap . | . . . . Miscellaneous . | . . . . Route ------- -11/Scrapyard -10/Materials (discovered 5 exits: [*Mat x3] / [*Min] / *Sub) -10/Subcaves (discovered 4 exits: [*Mat x2] / [*Rec] / *Scr) -8/Scraptown (discovered 2 exits: [*Fac x2]) History --------- Turn | Location | Event 10 | -11/Scrapyard | Discovered new exit (range 16) 86 | -11/Scrapyard | Entered Materials 316 | -10/Materials | Build established: Mutant 462 | -10/Materials | Discovered new exit (range 4) 835 | -10/Materials | Discovered new exit (range 10) 868 | -10/Materials | Lost 3 parts (2n1w) 1032 | -10/Materials | Discovered new exit (range 8) 1218 | -10/Materials | Discovered new exit (range 7) 1807 | -10/Materials | Core integrity fell below 50% 2399 | -10/Materials | Discovered new exit (range 3) 2413 | -10/Materials | Entered Subcaves 2414 | -10/Subcaves | Approached by a straggling Scientist 2437 | -10/Subcaves | Visited triangular shrine 2452 | -10/Subcaves | Found Prototype Device 2453 | -10/Subcaves | Identified V3-11A's Pendant 2458 | -10/Subcaves | Befriended Subdweller 2485 | -10/Subcaves | Befriended Subdweller 2485 | -10/Subcaves | Befriended Subdweller 2604 | -10/Subcaves | Scientist uncovered a shortcut to Scraptown 3140 | -10/Subcaves | A swath of the cavern ceiling suddenly collapsed 3445 | -10/Subcaves | Befriended Subdweller 3521 | -10/Subcaves | Ambushed by Subdwellers from Twisted Machinery 3525 | -10/Subcaves | Befriended Subdweller 3525 | -10/Subcaves | Befriended Subdweller 3771 | -10/Subcaves | Visited 4L-MR0's lab 3793 | -10/Subcaves | Found Tower Shield 3809 | -10/Subcaves | Found Prototype Special Melee Weapon 4090 | -10/Subcaves | Befriended Subdweller 4165 | -10/Subcaves | Befriended Subdweller 4476 | -10/Subcaves | Discovered new exit (range 6) 4725 | -10/Subcaves | Befriended Subdweller 4755 | -10/Subcaves | Learned Materials emergency access door positions 4820 | -10/Subcaves | Befriended Subdweller 4820 | -10/Subcaves | Befriended Subdweller 4827 | -10/Subcaves | Discovered new exit (range 15) 5154 | -10/Subcaves | Ambushed by angry Subdweller bent on revenge 5155 | -10/Subcaves | Befriended Subdweller 5209 | -10/Subcaves | Discovered new exit (range 15) 5262 | -10/Subcaves | Lost 6 allies 5776 | -10/Subcaves | Approached by friendly Subdweller 5870 | -10/Subcaves | Befriended Subdweller 7350 | -10/Subcaves | Visited Clippyterm 7358 | -10/Subcaves | Learned location of Section 7 (-3) 8090 | -10/Subcaves | Entered Scraptown 8090 | -8/Scraptown | Accompanied by 2 allies 8326 | -8/Scraptown | Scanned Subdweller tech in exchange for log data 8327 | -8/Scraptown | Learned location of Quarantine (-3) 8329 | -8/Scraptown | Learned Research emergency access door positions 8331 | -8/Scraptown | Learned location of 1 exit from Factory 8526 | -8/Scraptown | Delivered V3-11A's Pendant to T0-NE2 in exchange for information 8678 | -8/Scraptown | Found Blink Core 8710 | -8/Scraptown | Visited Red Mages 8763 | -8/Scraptown | Visited Analyses Database 8820 | -8/Scraptown | Visited Cartography Club 8846 | -8/Scraptown | Visited Curators Association 8870 | -8/Scraptown | Visited Chapter 10 8891 | -8/Scraptown | Visited Modified Component R&D 8904 | -8/Scraptown | Visited Scrap Suit Storage 8924 | -8/Scraptown | Visited Derelict Rescue Squad 8946 | -8/Scraptown | Visited Science Guys 8966 | -8/Scraptown | Visited Sword Containment 8987 | -8/Scraptown | Visited DA-N13 Charitable Foundation 9440 | -8/Scraptown | Learned location of Proximity Caves (-6) 9440 | -8/Scraptown | Learned location of Extension (-6) 9440 | -8/Scraptown | Learned 24 Factory zone layouts 9440 | -8/Scraptown | Learned 4 Access zone layouts 9440 | -8/Scraptown | Learned 12 Lower Caves zone layouts 9440 | -8/Scraptown | Learned 20 Lower Caves zone layouts 9440 | -8/Scraptown | Learned 4 Mines zone layouts 9440 | -8/Scraptown | Learned 24 Upper Caves zone layouts 9440 | -8/Scraptown | Learned 12 Proximity Caves zone layouts 9440 | -8/Scraptown | Learned 4 Armory zone layouts 9440 | -8/Scraptown | Learned location of 2 exits from Lower Caves 9440 | -8/Scraptown | Learned location of 1 exit from Upper Caves 9440 | -8/Scraptown | Learned location of 2 exits from Upper Caves 9634 | -8/Scraptown | Visited Fellowship of the Rings 9736 | -8/Scraptown | Visited Supply Room 9792 | -8/Scraptown | Visited TADAMA 10872 | -8/Scraptown | Found Prototype Slashing Weapon 10872 | -8/Scraptown | Identified Companion Sword 11217 | -8/Scraptown | Found DCF Scrap (30 items) 12357 | -8/Scraptown | Found DRS Beacon 13157 | -8/Scraptown | Discovered new exit (range 1) 15543 | -8/Scraptown | Discovered new exit (range 2) 20329 | -8/Scraptown | Attacked by Scraptown defenders 20332 | -8/Scraptown | Core integrity fell below 20% 20333 | -8/Scraptown | Destroyed by SQ-WIK(h) with Hypervelocity Coil Gun Last Messages --------------- WD-GR0(j): One day we're getting off this rock. 18109_ Blink Core suddenly shrinks, drawing all nearby mass into a quantum tunnel. 18447_ KU-WE4(c): "Come one, come all! See for yourself a fine selection of the many wondrous pieces in our collection!" 18451_ Blink Core suddenly shrinks, drawing all nearby mass into a quantum tunnel. 19415_ KU-WE4(c): "Come one, come all! See for yourself a fine selection of the many wondrous pieces in our collection!" 19427_ Blink Core suddenly shrinks, drawing all nearby mass into a quantum tunnel. AC-XQ8(j): One does not simply toss components in a pile and call it Scrap. That would be insulting to Scrap. 19729_ Blink Core suddenly shrinks, drawing all nearby mass into a quantum tunnel. 20329_ ANNOUNCEMENT: Intruder alert! Defend Scraptown! 20333_ SQ-WIK(h): "And where do you think you're going?" 20333_ 8T-BAS(p): "Did MC send you?" 20333_ HV Slug penetrates Machine. Map ----- +----------------------------------------------------+ | ????????????????????## ##############???????????? | | ?###?#####???????????# #""""""""""""#???????????? | | ?#"###"# ############# #"""""""# " "#???????????? | | ## "=" ####""""""""""# #" " [ # ?????????????? | | """ "# " ### #"= #+####???????????? | | "" ""##"" ## #" """#???????????? | | *" "=##"" ## #"[ ="#???????????? | | "" ""##"""" ## #""""" ""#???????????? | | "#"" " ## #####" "#???????????? | | "" ""##"""" ## #""""" X#???????????? | | ]" " ##"" ## # [ [ ##???????????? | | "" ""##" ### # "#???????????? | | "# # # "#???????????? | | #### ########### ##### ## ###########???????????? | | #### ########### ##### ## ##############????????? | | """" """"""""""" """"" "" "## #"""""#""#????????? | | p j "## !!! !#????????? | | "## #????????? | | "## #????????? | | "## X" #????????? | | ##"##???????? | | """""""""""""""""""""" "## ! !!# #???????? | | """""""""""""""""""""" "## #"""""# #???????? | | ## ################"" "##############???????? | | ##????????#"" x "##############???????? | | X"#????????#"" @ "## """"""""#???????? | | "" "" ##????????#"" "## " " " "#???????? | | " "" X"#??????###"" "## ""#???????? | | " ######### #"" "## &"#???????? | | "" E E hh &"#???????? | | "" "## "#???????? | | " ######### #"" "## " " " "#???????? | | " "" ""#??????###"" "## """"""""#???????? | | "" "" ##????????#"" "##############???????? | | X"#????????#"" "## "& """"""#???????? | | ##????????#"" "## "" """"""#???????? | | ## ################"" "## "|"""#???????? | | """""""""""""""""""""" "## """ "#???????? | | """""""""""""""""""""" rc "" X"#???????? | | j "## "" "#???????? | | "## ""#???????? | | "## " ""#???????? | | ## "" """#???????? | | # """"" """#???????? | | """""" """"""""""" """""" ##" """""""""#???????? | | ######=########### ###### ##############???????? | | ???#*==* #?# #?# #????????????????????? | | ???#!!!**=! #?# #?# #????????????????????? | | ???#[/||=!=]#?# #?# #????????????????????? | | ???#*%/!!!% #?###X ####?# #????????????????????? | +----------------------------------------------------+ Best States ------------- Heat Dissipation 25 Energy Generation 14 Energy Capacity 160 Matter Stores 300 Matter Capacity 300 Sight Range 16 Terrain Scan Density 10 Core Shielding 20 Evasion (%) 50 Recoil Reduction 2 Item Schematics ----------------- None Robot Schematics ------------------ None Fabricated ------------ Nothing Repaired ---------- Nothing Studied --------- None Alien Tech Used ----------------- None Achievements -------------- SUBSUB Challenges ------------ None Game ------ Seed PowerPhysicsShockpuncher Manual? 0 Play Time 00:38:00 Cumulative 430.6 hours Start 2026.01.31 @ 13:06:19 End 2026.02.08 @ 16:45:51 Sessions 5 Manual Loads 0 Difficulty Rogue Special Mode None Game No. 387 Rogue 351 Adventurer 36 Explorer 0 Win Type - Total 17 Types 8/0/9/0/0/0/0/0/0/0 Lore% 72 Gallery% 82 Achievement% 65 Wizard Run 0 Options --------- Layout 0 ASCII 0 Keyboard 0 Movement Mouse Keybinds 0 Fullscreen 1 Font 18/SmallcapsGlow Map View 76x50 Zoom Use 0% Tactical HUD 1 Map Filters NONE Filters NONE Steam 1 RUN: 79c6c98b-8de6-4e7a-a5c8-7ca238048ebb